 Dungeon Crawl Stone Soup version 0.25.0-15-gac7dcb8919 (webtiles) character file.

Game seed: 8015169290386709104

646 Esekla the Magician (level 7, -5/53 HPs)
             Began as a Barachi Necromancer on June 28, 2020.
             Slain by an ice beast (8 damage)
             ... on level 5 of the Dungeon.
             The game lasted 00:23:15 (4158 turns).

Esekla the Magician (Barachi Necromancer)           Turns: 4158, Time: 00:23:15

Health: -5/53      AC:  2    Str: 10    XL:     7   Next: 52%
Magic:  1/14       EV: 13    Int: 17    God:
Gold:   159        SH:  0    Dex: 12    Spells: 11/15 levels left

rFire    . . .     SeeInvis .   g - +2 dagger (venom)
rCold    . . .     Gourm    .   (no shield)
rNeg     . . .     Faith    .   a - +0 robe
rPois    .         Spirit   .   (no helmet)
rElec    .         Reflect  .   (no cloak)
rCorr    .         Harm     .   (no gloves)
MR       .....                  (no boots)
Stlth    ++........             (no amulet)
HPRegen  0.17/turn              p - ring of flight
MPRegen  0.14/turn              (no ring)

@: slow
A: +LOS, swims, slowness 1, strong legs 1
a: Hop, Evoke Flight


You were on level 5 of the Dungeon.
You were near starving.

You visited 1 branch of the dungeon, and saw 5 of its levels.
You also visited: Sewer.

You collected 159 gold pieces.

Inventory:

Hand Weapons
 g - a +2 dagger of venom (weapon)
Missiles
 d - 2 boomerangs (quivered)
 f - 12 poisoned darts
Armour
 a - a +0 robe (worn)
Jewellery
 p - a ring of flight (left hand)
Scrolls
 b - a scroll of noise {unknown}
 j - 2 scrolls of enchant armour {unknown}
 k - a scroll of immolation {unknown}
 l - 2 scrolls of identify {unknown}
 n - a scroll of teleportation {unknown}
 o - 2 scrolls of amnesia {unknown}
 s - a scroll of magic mapping {unknown}
Potions
 e - 5 potions of curing {unknown}
 h - 3 potions of degeneration {unknown}
 i - a potion of brilliance {unknown}
 m - 3 potions of flight {unknown}
 q - 2 potions of haste {unknown}
 r - 3 potions of heal wounds {unknown}
 t - a potion of cancellation {unknown}
 u - a potion of lignification {unknown}
 v - a potion of invisibility {unknown}
Comestibles
 c - 8 rations


   Skills:
 * Level 3.8 Fighting
 + Level 3.4 Short Blades
 + Level 3.8 Dodging
 - Level 1.7 Stealth
 * Level 4.9 Spellcasting
 + Level 4.7 Necromancy


You had 11 spell levels left.
You knew the following spells:

 Your Spells              Type           Power        Failure   Level  Hunger
a - Pain                  Necr           ###.         1%          1    None
d - Vampiric Draining     Necr           ###.......   6%          3    ###....

Your spell library contained the following spells:

 Spells                   Type           Power        Failure   Level  Hunger
 Animate Skeleton         Necr           N/A          1%          1    None
 Animate Dead             Necr           N/A          21%         4    ####...
 Agony                    Necr           ###.....     50%         5    ######.


Dungeon Overview and Level Annotations

Branches:
Dungeon (5/15)              Sewer (visited)
 Temple: D:4-7

Altars:
Elyvilon
Gozag

Shops:
D:2 *


Innate Abilities, Weirdness & Mutations

You can be seen from farther away. (+LOS)
You can swim through water.
You cover ground slowly.
You can hop short distances.


Message History

* * * LOW HITPOINT WARNING * * *
The orc throws a boomerang.
The boomerang hits you but does no damage.
The weapon returns to the orc!
You kill the orc!
The phantom blinks!
The orc closely misses you.
Casting: Vampiric Draining (dangerous; 6% risk of failure)
Confirm with . or Enter, or press ? or * to list all spells.
Aiming: Vampiric Draining (dangerous; 6% risk of failure)
Press: ? - help, Shift-Dir - straight line, f - orc
Aim: an orc, wielding a +0 club The orc is almost dead.
You feel life coursing into your body.
You hit the orc.
You kill the orc!
The phantom blinks!
The ice beast hits you.
* * * LOW HITPOINT WARNING * * *
The ice beast freezes you!
You die...

#.........# #.........#
#.........# #.........#
#####.##..#
#.###.#######
######..≈....≈.≈.###.#
#≈≈#..≈.......≈..≈...#
###≈##@....≈≈≈....≈..##
#.#≈≈≈≈Y≈≈≈≈≈≈≈≈≈≈≈≈≈≈#
#.##≈≈≈≈≈≈≈≈≈≈≈.≈≈≈≈≈≈
#.####.Zo≈l.......≈.≈#
#.........)§)..≈.≈#.#
#....W....##........#
#.........##...######
############...(....#
#######o...###.#


You could see a phantom, an ice beast, an orc priest, a worker ant zombie and a
leopard gecko.

Vanquished Creatures
  A sky beast (D:4)
  2 centaurs (D:5)
  A big kobold (Sewer)
  A crimson imp (D:5)
  A jelly (D:4)
  An orc wizard (D:4)
  A hound (D:4)
  8 adders
  3 river rats
  An adder skeleton (D:4)
  2 worms
  2 dart slugs (D:1)
  2 leopard geckos
  8 orcs
  6 bats (D:1)
  7 giant cockroaches
  7 goblins
  8 hobgoblins
  5 jackals
  3 quokkas
  7 ball pythons
  3 frilled lizards
  9 kobolds
  14 rats
103 creatures vanquished.

Notes
Turn   | Place    | Note
-------+----------+-------------------------------------------
     0 | D:1      | Esekla the Barachi Necromancer began the quest for the Orb.
     0 | D:1      | Reached XP level 1. HP: 13/13 MP: 3/3
   415 | D:1      | Reached XP level 2. HP: 20/20 MP: 5/5
   454 | D:1      | Reached skill level 1 in Fighting
   971 | D:1      | Reached XP level 3. HP: 24/26 MP: 6/6
   995 | D:1      | Learned a level 3 spell: Vampiric Draining
  1225 | D:2      | Reached skill level 1 in Short Blades
  1241 | D:2      | Reached XP level 4. HP: 8/33 MP: 8/8
  1616 | D:2      | Found Gozag's Platinum Reserve.
  1620 | D:2      | Found an opulent altar of Gozag.
  2027 | D:2      | Reached XP level 5. HP: 33/38 MP: 9/9
  2372 | D:3      | Found a glowing drain.
  2427 | Sewer    | Entered a sewer
  2499 | Sewer    | Noticed a big kobold
  2518 | Sewer    | Killed a big kobold
  2518 | Sewer    | Reached XP level 6. HP: 32/46 MP: 0/11
  2540 | Sewer    | Found a white marble altar of Elyvilon.
  2890 | D:4      | Noticed a sky beast
  2908 | D:4      | Killed a sky beast
  3421 | D:5      | Entered Level 5 of the Dungeon
  3432 | D:4      | Reached XP level 7. HP: 36/52 MP: 0/13
  3736 | D:5      | Found a white marble altar of Elyvilon.
  4148 | D:5      | HP: 2/53 [orc/+0 flail (10)]
  4158 | D:5      | Slain by an ice beast

Illustrated notes

Levels and vault maps discovered:
D:1:      dpeg_arrival_tiny_a, layout_loops_corners
D:2:      layout_basic, lemuel_round_altar, nicolae_gozag_zags_fifth_avenue,
          fedhas_altar_fruit_tree, first_ration, nrook_campfire,
          minmay_snake_closets
D:3:      kennysheep_goblin_castle, layout_basic, fiery_altar_vehumet,
          portal_sewer_entry_b
D:4:      layout_rooms, uniq_ijyb
D:5:      layout_basic, lemuel_doored_altar, serial_rivers,
          chequers_serial_rivers_micro_c, chequers_serial_rivers_small_3,
          chequers_serial_rivers_marsh, chequers_serial_rivers_marsh

Skill      XL: |  1  2  3  4  5  6 |
---------------+-------------------+-----
Fighting       | 1 2 3 |  3.8
Necromancy     | 4 |  4.7
Short Blades   | 1 2 3 |  3.4
Dodging        | 3 |  3.8
Spellcasting   | 3 4 |  4.9
Stealth        | |  1.7

Action                   |  1- 3 |  4- 6 |  7- 9 || total
-------------------------+-------+-------+-------++-------
Melee: Short sword       |    32 |       |       ||    32
       Dagger            |    56 |   132 |    38 ||   226
Throw: Boomerang         |       |     1 |       ||     1
 Cast: Pain              |    10 |     1 |       ||    11
       Vampiric Draining |       |    18 |     8 ||    26
 Stab: Sleeping          |     5 |    11 |     1 ||    17
  Eat: Chunk             |     1 |    10 |     1 ||    12
Armor: Robe              |    19 |    22 |     5 ||    46
Dodge: Dodged            |    53 |    95 |    39 ||   187
